 Dungeon Crawl Stone Soup version 0.20-a0-502-g555d78b (webtiles) character file.

7 Amnesiac the Vexing (level 1, 0/13 HPs)
             Began as a Mummy Enchanter on Jan 20, 2017.
             Slain by an adder (1 damage)
             ... on level 3 of the Dungeon.
             The game lasted 00:01:33 (272 turns).

Amnesiac the Vexing (Mummy Enchanter)                Turns: 272, Time: 00:01:33

Health: 0/13       AC:  5    Str: 11    XL:     1   Next: 91%
Magic:  3/4        EV: 10    Int: 14    God:
Gold:   36         SH:  0    Dex: 12    Spells: 4/5 levels left

rFire    x . .     SeeInvis .   j - +0 short sword (flame)
rCold    + . .     Gourm    .   h - +0 ring mail
rNeg     + + +     Faith    .   (no shield)
rPois    ∞         Spirit   .   (no helmet)
rElec    .         Reflect  .   (no cloak)
rCorr    +         Harm     .   (no gloves)
MR       .....                  (no boots)
Stlth    +.........             (no amulet)
Regen    0.1/turn               (no ring)
                                e - ring of resist corrosion

@: no status effects
A: no food or potions, fire vulnerability, cold resistance 1, negative energy
resistance 3, torment resistance, unbreathing
a: no special abilities


You were on level 3 of the Dungeon.
You were not hungry.

You visited 1 branch of the dungeon, and saw 4 of its levels.

You collected 36 gold pieces.

Inventory:

Hand Weapons
 a - a +1 dagger
 j - a +0 short sword of flaming (weapon)
Armour
 b - a +0 robe
 h - a +0 ring mail (worn)
Jewellery
 e - a ring of resist corrosion (left hand)
Scrolls
 d - a scroll of blinking {unknown}
 f - a scroll of remove curse {unknown}
 g - a scroll of identify {unknown}
 i - a scroll of teleportation {unknown}
Books
 c - a book of Maledictions

   Spells                             Type                      Level
   a - Corona                         Hexes                        1
   b - Ensorcelled Hibernation        Hexes/Ice                    2
   c - Confuse                        Hexes                        3
   d - Tukima's Dance                 Hexes                        3
   e - Dazzling Spray                 Conjuration/Hexes            3


   Skills:
 - Level 1.0 Short Blades
 - Level 1.5 Dodging
 - Level 2.4 Stealth
 + Level 2.9 Spellcasting
 - Level 3.0 Hexes


You had 4 spell levels left.
You knew the following spells:

 Your Spells              Type           Power        Failure   Level  Hunger
f - Corona                Hex            ##.....      17%         1    N/A

Dungeon Overview and Level Annotations

Branches:
Dungeon (4/15)
 Temple: D:4-7

Altars:

Annotations:
D:4 Eustachio


Innate Abilities, Weirdness & Mutations

You do not eat or drink.
Your flesh is vulnerable to fire.
You are immune to poison.
Your flesh is cold resistant. (rC+)
You are immune to negative energy. (rN+++)
You are immune to unholy pain and torment.
You can survive without breathing.


Message History

The adder bites you but does no damage.
Casting: Corona
Confirm with . or Enter, or press ? or * to list all spells.
Aiming: Corona
Press: ? - help, Shift-Dir - straight line, f - adder
Aim: an adder (heavily wounded, chance to defeat MR: 54%)
The adder is outlined in light.
The adder barely misses you. The adder bites you but does no damage.
You hit the adder. You burn the adder.
The adder is almost dead.
The adder bites you.
You barely miss the adder.
The adder is almost dead.
The adder bites you but does no damage.
Your ring mail prevents you from hitting the adder.
The adder is almost dead.
The adder bites you.
* * * LOW HITPOINT WARNING * * *
The adder bites you.
You die...

....# ... ...##
#.. ... # #.. #.#
.#
.####..###.##.#.#
................#
.......#..#...#
##....#..# ..#
##..@.#..# .#
#....S...# #
#)...........#
#....###.#.(##
#..... ....#
#.#.>. ....#
#..... .####
###.##. .. #.


You could see an adder.

Vanquished Creatures
  3 goblins
  A hobgoblin (D:2)
  2 kobolds
  A rat (D:2)
7 creatures vanquished.

Notes
Turn   | Place    | Note
-------+----------+-------------------------------------------
     0 | D:1      | Amnesiac the Mummy Enchanter began the quest for the Orb.
     0 | D:1      | Reached XP level 1. HP: 13/13 MP: 4/4
    25 | D:1      | Reached skill level 1 in Short Blades
   114 | D:1      | Reached skill level 3 in Hexes
   224 | D:4      | Noticed Eustachio
   233 | D:4      | Noticed a crimson imp
   272 | D:3      | Slain by an adder

Vault maps used:
D:1:      minmay_arrival_open_corners
D:2:      minmay_wonky_spiral, chequers_ecumenical_altar_island
D:3:      bh_walls_and_bars
D:4:      first_bread, grunt_dithmenos_smoke_and_mirrors, uniq_eustachio,
          uniq_blork_the_orc

Skill      XL: |  1 |
---------------+----+-----
Short Blades   | 1 |  1.0
Hexes          | 3 |  3.0
Dodging        | |  1.5
Stealth        | |  2.4
Spellcasting   | |  2.9

Action                   || total
-------------------------++-------
Melee: Dagger            ||    22
       Short sword       ||     8
 Cast: Corona            ||     5
 Stab: Sleeping          ||     1
Armor: Ring mail         ||    25
       Robe              ||     2
Dodge: Dodged            ||    37
